 Dungeon Crawl Stone Soup version 0.24-a0-521-g122614bf49 (webtiles) character file.

Game seed: 5311715145932234941

93424 GameOver the Destroyer (level 16, -2/140 HPs)
             Began as a Naga Wizard on July 30, 2019.
             Was the Champion of Kikubaaqudgha.
             Killed from afar by an ice dragon (38 damage)
             ... with a blast of cold
             ... on level 15 of the Dungeon.
             The game lasted 02:35:06 (19651 turns).

GameOver the Destroyer (Naga Wizard)               Turns: 19651, Time: 02:35:07

Health: -2/140     AC: 18    Str: 11    XL:     16   Next: 8%
Magic:  0/32       EV:  7    Int: 29    God:    Kikubaaqudgha [******]
Gold:   2402       SH:  3    Dex: 10    Spells: 6/39 levels left

rFire    . . .     SeeInvis +   w - +5 dagger (elec)
rCold    . . .     Gourm    .   Y - +0 buckler
rNeg     . . .     Faith    .   c - +0 troll leather armour
rPois    +         Spirit   .   t - +0 helmet
rElec    .         Reflect  .   E - +2 cloak
rCorr    .         Harm     .   (no gloves)
MR       +++..                  R - +0 naga barding
Stlth    ++++......             (no amulet)
HPRegen  1.73/turn              p - ring of protection from magic
MPRegen  0.23/turn              y - +5 ring of intelligence

@: regenerating, very slow
A: large, see invisible, deformed body, poison resistance, slowness 2, slow
metabolism 1, spit poison 1, constrict 1, AC +5
a: Spit Poison, Receive Corpses, Torment, Brand Weapon With Pain, Receive
Necronomicon, Renounce Religion


You were on level 15 of the Dungeon.
You worshipped Kikubaaqudgha.
Kikubaaqudgha was exalted by your worship.
You were hungry.

You visited 4 branches of the dungeon, and saw 24 of its levels.
You also visited: Bailey.

You collected 3645 gold pieces.
You spent 1243 gold pieces at shops.

Inventory:

Hand Weapons
 s - a +4 trident of flaming
 w - a +5 dagger of electrocution (weapon)
 O - a +2 arbalest of freezing
 P - a +2 dagger of draining
 V - a +3 vampiric long sword
 W - a +3 great sword
Armour
 c - a +0 troll leather armour (worn)
 t - a +0 helmet (worn)
 E - a +2 cloak (worn)
 R - a +0 naga barding (worn)
 X - a +0 shield
 Y - a +0 buckler (worn)
Magical Staves
 M - an uncursed staff of wizardry
Jewellery
 p - a ring of protection from magic (left hand)
 q - an uncursed ring of resist corrosion
 y - a +5 ring of intelligence (right hand)
 B - an uncursed ring of protection from cold
Wands
 a - a wand of polymorph (18)
 l - a wand of iceblast (9)
 n - a wand of flame (35)
 v - a wand of disintegration (2)
 A - a wand of clouds (12)
 Q - a wand of paralysis (10)
Scrolls
 b - 5 scrolls of blinking
 e - 9 scrolls of teleportation
 g - 3 scrolls of amnesia
 h - 5 scrolls of fog
 j - 9 scrolls of remove curse
 o - a scroll of magic mapping
 r - 5 scrolls of identify
 C - a scroll of summoning
 D - 6 scrolls of fear
 F - 2 scrolls of holy word
 G - a scroll of brand weapon
 J - 2 scrolls of enchant armour
 L - a scroll of torment
 S - 3 scrolls of silence
Potions
 f - 5 potions of curing
 i - 2 potions of cancellation
 k - 4 potions of agility
 m - 3 potions of haste
 u - 5 potions of heal wounds
 x - 2 potions of flight
 H - 5 potions of magic
 I - 5 potions of brilliance
 N - 2 potions of mutation
 T - a potion of might
Miscellaneous
 z - a phial of floods
 K - a crystal ball of energy
Comestibles
 d - 40 rations
 U - 6 chunks of flesh


   Skills:
 + Level 8.2 Fighting
 - Level 10.0 Short Blades
 - Level 6.0 Armour
 - Level 1.5 Dodging
 - Level 9.0 Stealth
 * Level 1.4 Shields
 + Level 12.3 Spellcasting
 + Level 12.8 Conjurations
 - Level 3.0 Charms
   Level 1.0 Summonings
 - Level 9.0 Necromancy
 - Level 3.0 Translocations
 - Level 6.0 Fire Magic
 - Level 6.0 Air Magic
 - Level 6.0 Poison Magic
 - Level 6.0 Evocations


You had 6 spell levels left.
You knew the following spells:

 Your Spells              Type           Power        Failure   Level  Hunger
a - Bolt of Draining      Conj/Necr      ######....   1%          5    ##.....
b - Blink                 Tloc           N/A          1%          2    None
c - Dispel Undead         Necr           ######..     3%          5    ##.....
d - Mephitic Cloud        Conj/Pois/Air  ######..     1%          3    None
f - Conjure Flame         Conj/Fire      ######..     1%          3    None
p - Apportation           Tloc           #####.       1%          1    None
s - Lightning Bolt        Conj/Air       ######....   2%          5    ##.....
x - Regeneration          Chrm/Necr      ######....   1%          3    None
B - Sublimation of Blood  Necr           ######....   1%          2    None
S - Sticky Flame          Conj/Fire      ######..     1%          4    None

Your spell library contained the following spells:

 Spells                   Type           Power        Failure   Level  Hunger
 Animate Skeleton         Necr           N/A          1%          1    None
 Flame Tongue             Conj/Fire      #####        1%          1    None
 Magic Dart               Conj           ####         1%          1    None
 Pain                     Necr           ####         1%          1    None
 Shock                    Conj/Air       ####         1%          1    None
 Sting                    Conj/Pois      ####         1%          1    None
 Corpse Rot               Necr           N/A          1%          2    None
 Poisonous Vapours        Pois/Air       ######       1%          2    None
 Swiftness                Chrm/Air       #####...     1%          2    None
 Throw Flame              Conj/Fire      ######       1%          2    None
 Static Discharge         Conj/Air       ######..     1%          3    None
 Vampiric Draining        Necr           ######....   1%          3    None
 Animate Dead             Necr           N/A          1%          4    None
 Fireball                 Conj/Fire      ######....   2%          5    ##.....
 Venom Bolt               Conj/Pois      ######....   2%          5    ##.....
 Summon Small Mammal      Summ           ###.         3%          1    None
 Airstrike                Air            ######....   3%          4    None
 Olgreb's Toxic Radiance  Pois           ######..     3%          4    None
 Confusing Touch          Hex            ###...       4%          1    None
 Call Imp                 Summ           ###.....     4%          2    None
 Inner Flame              Hex/Fire       #####...     4%          3    None
 Slow                     Hex            ###.....     7%          2    None
 Death Channel            Necr           ######....   17%         6    ####...
 Borgnjor's Vile Clutch   Necr/Erth      #####.....   21%         5    ##.....
 Simulacrum               Ice/Necr       #####.....   73%         6    ####...


Dungeon Overview and Level Annotations

Branches:
Dungeon (15/15)            Temple (1/1) D:7            Lair (6/6) D:8
 Shoals (0/4) Lair:3       Spider (0/4) Lair:2        Slime (0/5) Lair:5
    Orc (2/2) D:9             Elf (0/3) Orc:2        Vaults (0/5) D:13
 Depths: D:15

Altars:
Ashenzari
Dithmenos
Elyvilon
Fedhas
Kikubaaqudgha
Okawaru
Qazlal
Ru
Sif Muna
Trog
Uskayaw
Vehumet
Wu Jian
Xom
Yredelemnul
Zin
The Shining One
Jiyva

Shops:
D:7 *   D:11 }   D:13 ?=(**   Orc:1 }   Orc:2 [[*[=?(


Innate Abilities, Weirdness & Mutations

You cannot wear boots.
Your serpentine skin is tough. (AC +5)
You have supernaturally acute eyesight. (SInv)
Armour fits poorly on your strangely shaped body.
Your system is resistant to poisons. (rPois)
You cover ground very slowly.
You have a slow metabolism.
You can spit poison.
You can use your snake-like lower body to constrict enemies.


Message History

Lightning courses through the ice dragon!
The ice dragon is severely wounded.
The ice dragon burns!
You hit the ice dragon but do no damage.
Lightning courses through the ice dragon!
The ice dragon is almost dead.
The ice dragon barely misses you. The ice dragon claws you.
* * * LOW HITPOINT WARNING * * *
The ice dragon tramples you but does no damage.
Casting: Sticky Flame (safe; 1% risk of failure)
Confirm with . or Enter, or press ? or * to list all spells.
Aiming: Bolt of Draining (safe; 1% risk of failure)
Press: ? - help, Shift-Dir - straight line, f/p - ice dragon
Aim: an ice dragon (almost dead, covered in liquid flames, lightly drained)
The bolt of negative energy misses the ice dragon.
The ice dragon burns!
The ice dragon breathes frost at you. The blast of cold hits you!!!
You die...
Kikubaaqudgha rasps: "You have failed me!
Welcome... death!"

..... $$$. ..?.c
..D..##### ... .
#.....## ..#..## #)..##
#.....## ##.8..## .
.......# ######.†....#..
###..... #..............
((...## #......D.......
......####......@.......
........................
.....#..................
.................#.....#
####.....#....##########
#.#####....# ### #....#
#....# ######


You could see an ice dragon (burning).

Vanquished Creatures
  Jorgrun (Orc:2)
  Kirke (D:12)
  3 orc warlords
  The ghost of Thantalas the Blocker, a journeyman GnFi of Okawaru (Lair:5)
  2 fire dragons
  Fannar (D:9)
  Josephine (Lair:6)
  Erolcha (D:13)
  8 hydras
  Harold (D:7)
  2 catoblepae
  2 two-headed ogres
  A tengu warrior (D:14)
  4 centaur warriors
  4 orc high priests
  A deep elf knight (D:14)
  Nergalle (Orc:1)
  Sonja (Lair:6)
  An unseen horror (shapeshifter) (D:15)
  A lindwurm (Lair:6)
  2 orc knights
  4 ugly things (D:12)
  3 manticores
  2 wolf spider zombies
  2 cyclopes
  8 orc sorcerers
  5 black mambas
  3 elephants (Lair:6)
  2 torpor snails (Lair:3)
  3 molten gargoyles (Lair:6)
  3 centaur zombies
  10 spiny frogs
  3 gargoyles
  4 rime drakes
  A kobold demonologist (D:13)
  2 yaktaurs (D:13)
  2 tengu conjurers (D:14)
  A freezing wraith (D:14)
  4 komodo dragons
  8 trolls
  A queen bee (D:11)
  2 polar bears
  A hornet (D:11)
  Grinder (D:6)
  2 jumping spiders (Lair:2)
  8 dream sheep
  4 slime creatures
  17 blink frogs
  A meliai zombie (D:14)
  18 hippogriffs
  2 redbacks (Lair:2)
  A centaur simulacrum (D:15)
  2 vampires
  A shadow (D:14)
  11 wyverns
  5 hogs
  6 wraiths
  A human (D:9)
  39 yaks
  6 vampire mosquitoes
  6 basilisks
  2 steam dragons (Lair:6)
  A hungry ghost (D:10)
  4 wargs
  An insubstantial wisp (D:11)
  Duvessa (D:4)
  41 water moccasins
  4 hell hounds (Lair:6)
  3 acid dragons
  6 porcupines
  A floating eye (shapeshifter) (D:14)
  32 orc warriors
  2 eyes of draining
  3 ice beasts
  4 phantoms
  2 sky beasts
  A necrophage (D:9)
  15 ogres
  6 centaurs
  19 wolves
  A big kobold (D:13)
  12 crocodiles
  Blork the orc (D:6)
  12 bullfrogs
  8 gnoll sergeants (Bailey)
  Dowan (D:4)
  3 wyvern zombies
  3 scorpions
  21 killer bees (D:11)
  2 electric eels
  2 howler monkeys
  3 lava snakes (Lair:6)
  9 crimson imps
  4 bullfrog zombies
  2 quasits (D:12)
  2 jellies
  7 centaur skeletons
  15 orc priests
  8 hounds
  21 orc wizards
  2 bullfrog skeletons
  6 gnoll shamans (Bailey)
  Crazy Yiuf (D:6)
  14 worker ants
  An iguana (D:13)
  Robin (D:3)
  21 gnolls
  26 adders
  4 shadow imps
  A white imp (D:6)
  An ooze (D:7)
  An adder zombie (D:9)
  4 adder skeletons
  5 worms
  4 dart slugs
  4 leopard geckos
  79 orcs
  5 bats
  3 giant cockroaches
  14 goblins
  6 hobgoblins
  9 jackals
  2 quokkas
  A ball python (D:3)
  6 frilled lizards
  A giant cockroach zombie (D:5)
  A jackal skeleton (D:7)
  27 kobolds
  A quokka skeleton (D:9)
  7 rats
  A spectral orc (D:8)
  A plant (D:11)
790 creatures vanquished.

Vanquished Creatures (collateral kills)
  A yaktaur captain (D:13)
  A kobold demonologist (D:13)
  3 big kobolds (D:13)
  3 killer bees (D:11)
  2 kobolds (D:13)
10 creatures vanquished.

Vanquished Creatures (others)
  A human (D:12)
  A killer bee (D:11)
  2 lava snakes (Lair:6)
  An orc wizard (Orc:2)
  An iguana (D:12)
  4 orcs
  8 fungi
  9 plants (Lair:5)
27 creatures vanquished.

Grand Total: 827 creatures vanquished

Notes
Turn   | Place    | Note
-------+----------+-------------------------------------------
     0 | D:1      | GameOver the Naga Wizard began the quest for the Orb.
     0 | D:1      | Reached XP level 1. HP: 15/15 MP: 4/4
    97 | D:1      | Reached XP level 2. HP: 19/22 MP: 6/6
   292 | D:1      | Reached XP level 3. HP: 23/28 MP: 4/7
   542 | D:2      | Learned a level 2 spell: Blink
   546 | D:2      | Learned a level 3 spell: Mephitic Cloud
   551 | D:2      | Found a faded altar of an unknown god.
   914 | D:2      | Reached XP level 4. HP: 33/36 MP: 3/8
  1264 | D:3      | Reached XP level 5. HP: 13/42 MP: 0/9
  1359 | D:3      | Reached skill level 5 in Conjurations
  1375 | D:3      | Noticed Robin
  1383 | D:3      | Killed Robin
  1496 | D:3      | Found a deep blue altar of Sif Muna.
  1505 | D:3      | Reached XP level 6. HP: 9/49 MP: 3/10
  1725 | D:3      | Reached skill level 1 in Poison Magic
  1744 | D:3      | Reached skill level 1 in Short Blades
  2092 | D:4      | Reached XP level 7. HP: 36/55 MP: 5/11
  2414 | D:4      | Learned a level 3 spell: Conjure Flame
  2435 | D:4      | Noticed Duvessa
  2435 | D:4      | Noticed Dowan
  2461 | D:4      | Killed Duvessa
  2461 | D:4      | Reached skill level 5 in Poison Magic
  2472 | D:4      | Killed Dowan
  2933 | D:5      | Entered Level 5 of the Dungeon
  3020 | D:5      | Reached XP level 8. HP: 46/62 MP: 8/12
  3050 | D:5      | Found a white marble altar of Elyvilon.
  3134 | D:5      | Reached skill level 5 in Short Blades
  3876 | D:6      | Reached skill level 5 in Stealth
  4071 | D:6      | Reached XP level 9. HP: 30/68 MP: 7/13
  4085 | D:6      | Noticed Blork the orc
  4089 | D:6      | Killed Blork the orc
  4141 | D:6      | Found a runed translucent door.
  4142 | D:6      | Noticed Crazy Yiuf
  4154 | D:6      | Killed Crazy Yiuf
  4410 | D:6      | Noticed Grinder
  4424 | D:6      | Killed Grinder
  4568 | D:7      | Found Zikusa Gyoz's Assorted Antiques.
  4570 | D:7      | Noticed Harold
  4614 | D:7      | Killed Harold
  4652 | D:7      | Bought a scroll labeled JOTHYV PUQURPHO for 27 gold pieces
  4652 | D:7      | Bought a scroll labeled CIUTHU NES OHOG for 27 gold pieces
  4652 | D:7      | Bought a potion of curing for 81 gold pieces
  4800 | D:7      | Found a staircase to the Ecumenical Temple.
  4809 | Temple   | Entered the Ecumenical Temple
  4861 | Temple   | Became a worshipper of Kikubaaqudgha
  4883 | D:7      | Reached XP level 10. HP: 61/75 MP: 11/16
  5542 | D:8      | Found a staircase to the Lair.
  5729 | D:8      | Learned a level 5 spell: Lightning Bolt
  5795 | D:8      | Found a glowing silver altar of Zin.
  5815 | D:8      | Reached skill level 5 in Spellcasting
  5914 | D:8      | Reached skill level 10 in Short Blades
  5973 | D:8      | Found a basalt altar of Yredelemnul.
  6028 | D:9      | Reached * piety under Kikubaaqudgha
  6028 | D:9      | Identified Kikubaaqudgha's Compendium of Darkness
                  | (Kikubaaqudgha gifted it to you on level 9 of the Dungeon)
  6028 | D:9      | Received a gift from Kikubaaqudgha
  6051 | D:9      | Reached skill level 1 in Air Magic
  6119 | D:9      | Reached skill level 5 in Evocations
  6649 | D:9      | Reached XP level 11. HP: 81/81 MP: 15/20
  6720 | D:9      | Found a staircase to the Orcish Mines.
  6952 | D:9      | Reached ** piety under Kikubaaqudgha
  6995 | Lair:1   | Entered Level 1 of the Lair of Beasts
  7018 | Lair:1   | Reached skill level 5 in Air Magic
  7123 | Lair:1   | HP: 4/81 [black mamba (10)]
  7170 | Lair:1   | Noticed a five-headed hydra
  7187 | Lair:1   | Reached skill level 1 in Armour
  7569 | Lair:1   | Killed a five-headed hydra
  7700 | Lair:1   | Noticed a four-headed hydra
  7707 | Lair:1   | Killed a four-headed hydra
  8063 | Lair:2   | Reached skill level 5 in Armour
  8087 | Lair:2   | Reached XP level 12. HP: 70/88 MP: 16/23
  8126 | Lair:2   | Found a hole to the Spider Nest.
  8157 | Lair:2   | Reached *** piety under Kikubaaqudgha
  8157 | Lair:2   | Identified Kikubaaqudgha's Volume of Stolen Souls
                  | (Kikubaaqudgha gifted it to you on level 2 of the Lair of
                  | Beasts)
  8157 | Lair:2   | Received a gift from Kikubaaqudgha
  8442 | Lair:2   | Reached skill level 1 in Necromancy
  8771 | Lair:3   | Reached skill level 1 in Fire Magic
  8957 | Lair:3   | Found a runed translucent door.
  9135 | Lair:3   | Found a staircase to the Shoals.
  9193 | Lair:3   | Reached **** piety under Kikubaaqudgha
  9442 | Lair:3   | Noticed a four-headed hydra
  9839 | Lair:4   | You fall into a shaft and drop 1 floor!
  9842 | Lair:5   | Gained mutation: You can use your snake-like lower body to
                  | constrict enemies. [Naga growth]
  9842 | Lair:5   | Reached XP level 13. HP: 94/94 MP: 26/26
 10170 | Lair:4   | Reached skill level 5 in Necromancy
 10384 | Lair:3   | Learned a level 5 spell: Dispel Undead
 10710 | Lair:5   | Reached skill level 5 in Fire Magic
 10737 | Lair:5   | Reached ***** piety under Kikubaaqudgha
 10759 | Lair:5   | Found a staircase to the Slime Pits.
 10761 | Lair:5   | Found a viscous altar of Jiyva.
 10791 | Lair:5   | Found a runed translucent gate.
 10792 | Lair:5   | Found a runed translucent gate.
 10792 | Lair:5   | Noticed Thantalas's ghost (journeyman GnFi)
 10793 | Lair:5   | Found a runed translucent gate.
 10806 | Lair:5   | Killed Thantalas's ghost
 10860 | Lair:5   | Learned a level 5 spell: Bolt of Draining
 11203 | Lair:6   | Entered Level 6 of the Lair of Beasts
 11300 | Lair:6   | Noticed Sonja
 11321 | Lair:6   | Killed Sonja
 11368 | Lair:6   | Noticed Josephine
 11502 | Lair:6   | Killed Josephine
 11635 | Lair:6   | Reached XP level 14. HP: 75/102 MP: 17/27
 11716 | Lair:6   | Reached skill level 10 in Conjurations
 11870 | Lair:6   | Reached skill level 10 in Spellcasting
 12013 | Lair:6   | Learned a level 3 spell: Regeneration
 12016 | Lair:6   | Learned a level 2 spell: Sublimation of Blood
 12018 | Lair:6   | Learned a level 1 spell: Apportation
 12202 | Lair:6   | Found a large runed translucent door.
 12241 | Lair:6   | Reached skill level 1 in Charms
 12323 | Lair:6   | Reached skill level 1 in Fighting
 12377 | Lair:6   | Found a large runed translucent door.
 12785 | Orc:1    | Entered Level 1 of the Orcish Mines
 12800 | Orc:1    | Noticed Nergalle
 12805 | Orc:1    | Noticed an orc warlord
 12809 | D:9      | Killed an orc warlord
 12844 | Orc:1    | Killed Nergalle
 13043 | Orc:1    | Noticed an orc warlord
 13045 | Orc:1    | Noticed Fannar
 13067 | D:9      | Killed Fannar
 13119 | D:9      | Killed an orc warlord
 13314 | Orc:1    | Found Remoca Xetho's Gadget Shoppe.
 13565 | Orc:2    | Entered Level 2 of the Orcish Mines
 13590 | Orc:2    | Noticed Jorgrun
 13650 | Orc:2    | Reached ****** piety under Kikubaaqudgha
 13956 | Orc:1    | HP: 4/111 [orc knight/+0 great mace (12)]
 14103 | Orc:2    | Paralysed by a chaos spawn for 3 turns
 14146 | Orc:2    | Noticed an orc warlord
 14217 | Orc:2    | Found Cokhupt's Antique Armour Emporium.
 14228 | Orc:2    | Found Zeetseck's Jewellery Boutique.
 14234 | Orc:2    | Found Kyschowk's Magic Scroll Shop.
 14252 | Orc:2    | Bought a scroll of holy word for 97 gold pieces
 14252 | Orc:2    | Bought a scroll of brand weapon for 260 gold pieces
 14252 | Orc:2    | Bought a scroll of identify for 26 gold pieces
 14252 | Orc:2    | Bought a scroll of identify for 26 gold pieces
 14252 | Orc:2    | Bought a scroll of identify for 26 gold pieces
 14252 | Orc:2    | Bought a scroll of teleportation for 39 gold pieces
 14252 | Orc:2    | Bought a scroll of identify for 26 gold pieces
 14252 | Orc:2    | Bought a scroll of enchant armour for 97 gold pieces
 14252 | Orc:2    | Bought a scroll of random uselessness for 13 gold pieces
 14294 | Orc:2    | Killed Jorgrun
 14297 | Orc:2    | Reached XP level 15. HP: 12/121 MP: 7/29
 14361 | Orc:2    | Killed an orc warlord
 14386 | Orc:2    | Found Letifar's Antique Armour Emporium.
 14392 | Orc:2    | Found a staircase to the Elven Halls.
 14411 | Orc:2    | Found Ponuvva's Antique Armour Shop.
 14543 | Orc:2    | Found Utoezej's Antique Weapon Boutique.
 14590 | Orc:2    | Found Lyguur's General Store.
 14598 | Orc:2    | Bought a scroll of enchant armour for 112 gold pieces
 14598 | Orc:2    | Bought a scroll of identify for 30 gold pieces
 14598 | Orc:2    | Bought a scroll of identify for 30 gold pieces
 14738 | D:10     | Entered Level 10 of the Dungeon
 15620 | D:11     | Reached skill level 5 in Fighting
 15850 | D:11     | Found Ivil's Gadget Emporium.
 16333 | D:12     | Noticed Kirke
 16348 | D:12     | Killed Kirke
 16842 | D:12     | You fall into a shaft and drop 2 floors!
 16885 | D:14     | HP: 6/127 [centaur warrior (4)]
 16886 | D:14     | HP: 2/127 [centaur warrior (5)]
 17023 | D:14     | Found a flagged portal.
 17118 | Bailey   | Entered a bailey
 17564 | D:14     | Found a runed translucent door.
 18360 | D:13     | Found Zuifyczo's Assorted Antiques.
 18478 | D:13     | Found Hiagalle's Weapon Shoppe.
 18509 | D:13     | Found Plog's Jewellery Emporium.
 18530 | D:13     | Found Qes Turag's Magic Scroll Shop.
 18538 | D:13     | Noticed Erolcha
 18549 | D:13     | Killed Erolcha
 18559 | D:13     | Found a gate to the Vaults.
 18575 | D:13     | HP: 6/132 [ice devil[a kobold demonologist] (22)]
 18580 | D:13     | Found a basalt altar of Yredelemnul.
 18736 | D:13     | Bought a scroll of teleportation for 42 gold pieces
 18968 | D:13     | Found Ujudor's Assorted Antiques.
 19001 | D:13     | Bought a scroll of teleportation for 108 gold pieces
 19001 | D:13     | Bought a runed bronze wand for 144 gold pieces
 19001 | D:13     | Bought a bubbling orange potion for 32 gold pieces
 19344 | D:14     | Reached XP level 16. HP: 138/140 MP: 14/32
 19494 | D:14     | Learned a level 4 spell: Sticky Flame
 19526 | D:15     | Entered Level 15 of the Dungeon
 19580 | D:15     | Reached skill level 1 in Shields
 19651 | D:15     | Killed from afar by an ice dragon

Levels and vault maps discovered:
D:1:      psy_arrival_conway, layout_rooms
D:2:      layout_basic, first_ration, chequers_ecumenical_altar_island
D:3:      cheibrodos_pilgrimage, layout_loops_ring, led_sif_book,
          kennysheep_generic_room_12, uniq_robin, uniq_terence
D:4:      layout_loops_ring, serial_co_window_serial, co_window_paths_b,
          co_window_paths_b, co_window_paths_a, co_window_corner_a,
          co_window_paths_b, co_window_of_opportunity_b, co_window_corner_cb,
          co_window_broadway_b, co_window_unsneaky_path_c, co_window_cross_2,
          co_window_4corner_a, co_window_paths_e, glass_columns_a,
          glass_columns_b, glass_columns_b, glass_columns_a, glass_columns_a,
          uniq_duvessa
D:5:      layout_basic, elyvilon_altar_3
D:6:      layout_basic, minivault_4, minmay_fire_ice_demons,
          uniq_crazy_yiuf_cottage, uniq_grinder, uniq_blork_the_orc
D:7:      layout_loops_ring, minmay_temple_entry_antechambers, serial_shops,
          nicolae_shop_overgrown_old_shop, uniq_harold
D:8:      layout_rooms, lemuel_doored_altar,
          yredelemnul_forgotten_temple_becter, lair_entry_dummy
D:9:      layout_loops_ring, david_orc_4, grunt_livestock
D:10:     layout_basic
D:11:     layout_roguey [special_room_bee], serial_shops, shop, pond
D:12:     layout_basic, hangedman_abyss_or_decor_lesser_grid, uniq_kirke
D:13:     layout_layer_cave, david_vaults_2, serial_shops, nicolae_shop_trees,
          nicolae_shop_competitors_out_of_business,
          nicolae_shop_overgrown_old_shop, shop, shop, basic_altar, uniq_erolcha
D:14:     layout_roguey, nicolae_lava_and_water, enter_bailey_2, lightli_airlock
D:15:     grunt_enter_depths_hoard, layout_rooms, hangedman_decor_riveting
Temple:   regret_index_temple_mists
Lair:1:   layout_loops_ring, lemuel_old_faithful
Lair:2:   lemuel_reptile_caves, layout_cave_shapes, spider_nest_entry_a,
          serial_bayou_shore_b
Lair:3:   layout_regular_city, elwin_shoals_entry_rocks, pf_torpor_hydra,
          grunt_megastairs_2, lemuel_fruit_fields
Lair:4:   layout_layer_cave
Lair:5:   layout_concentric_octagons, slime_altar_1, ebering_ghost_rock_garden,
          grunt_megastairs_5
Lair:6:   cheibrodos_lair_end_hotspot, layout_regular_city, fungi_pond_lemuel,
          uniq_sonja, uniq_josephine
Orc:1:    layout_caves, serial_shops, shop, uniq_fannar, uniq_nergalle
Orc:2:    grunt_orc_gardens, layout_diamond_mine, grunt_orc_garden,
          grunt_orc_garden, grunt_orc_garden, grunt_orc_garden, serial_shops,
          shop, shop_statue, shop, statue_in_the_mist_lemuel,
          lightli_orcish_oven, uniq_jorgrun

Skill      XL: |  1  2  3  4  5  6  7  8  9 10 11 12 13 14 15 16 |
---------------+-------------------------------------------------+-----
Conjurations   | 2 3 4 5 6 8 9 11 12 | 12.8
Poison Magic   | 3 6 |  6.0
Short Blades   | 2 4 7 9 10 | 10.0
Stealth        | 6 9 |  9.0
Translocations | 3 |  3.0
Evocations     | 3 5 6 |  6.0
Spellcasting   | 4 6 7 9 10 12 | 12.3
Air Magic      | 4 6 |  6.0
Armour         | 5 6 |  6.0
Necromancy     | 4 9 |  9.0
Fire Magic     | 3 6 |  6.0
Charms         | 3 |  3.0
Fighting       | 4 8 |  8.2
Shields        | 1 |  1.4
Dodging        | |  1.5
Summonings     | |  1.0

Action                   |  1- 3 |  4- 6 |  7- 9 | 10-12 | 13-15 | 16-18 || total
-------------------------+-------+-------+-------+-------+-------+-------++-------
Melee: Mace              |     2 |       |       |       |       |       ||     2
       Short sword       |    14 |    20 |       |       |       |       ||    34
       Dagger            |       |    30 |   161 |   495 |  1061 |    32 ||  1779
       Spear             |       |       |     4 |       |       |       ||     4
       Trident           |       |       |     3 |    64 |    53 |       ||   120
       Constrict         |       |       |       |       |   190 |     3 ||   193
       Great sword       |       |       |       |       |     5 |       ||     5
 Cast: Magic Dart        |    37 |    53 |    80 |    56 |     4 |       ||   230
       Mephitic Cloud    |       |     7 |    11 |    38 |   107 |     2 ||   165
       Conjure Flame     |       |       |     5 |    24 |    39 |     1 ||    69
       Blink             |       |       |     3 |     3 |    20 |     2 ||    28
       Lightning Bolt    |       |       |       |     4 |    25 |       ||    29
       Dispel Undead     |       |       |       |       |    26 |     1 ||    27
       Bolt of Draining  |       |       |       |       |    46 |     6 ||    52
       Regeneration      |       |       |       |       |    42 |     1 ||    43
       Sublimation of Bl |       |       |       |       |     2 |       ||     2
       Apportation       |       |       |       |       |     1 |       ||     1
       Sticky Flame      |       |       |       |       |       |     1 ||     1
 Abil: Spit Poison       |    40 |    41 |    65 |    95 |   193 |     2 ||   436
Evoke: Wand              |       |       |       |     2 |    52 |     7 ||    61
       Phial of floods   |       |       |       |       |     1 |       ||     1
  Use: Scroll            |       |     7 |     5 |     4 |    12 |       ||    28
       Potion            |       |       |     1 |     6 |     7 |       ||    14
 Stab: Confused          |       |     3 |     2 |    23 |    50 |     2 ||    80
       Sleeping          |       |     1 |     1 |    15 |     9 |     1 ||    27
       Distracted        |       |       |     1 |       |     2 |       ||     3
  Eat: Chunk             |     2 |     6 |    10 |    21 |    48 |     1 ||    88
       Ration            |       |       |     1 |       |     1 |       ||     2
Armor: Robe              |     9 |     8 |    30 |    38 |       |       ||    85
       Skin              |       |       |     5 |    78 |       |       ||    83
       Troll leather arm |       |       |       |    48 |   306 |    17 ||   371
Dodge: Dodged            |    37 |    31 |    31 |   120 |   354 |    16 ||   589
Block: Buckler           |       |       |       |       |       |     1 ||     1

Table legend:
 A = Non-vault XP
 B = Vault XP
 C = Vault XP percentage of total XP
 D = Non-vault monster count
 E = Vault monster count
 F = Vault count percentage of total count
                 A         B        C        D         E       F
            +---------+---------+-------+---------+---------+-------
      Total |   81719 |   51745 |  38.8 |     552 |     251 |  31.3
            +---------+---------+-------+---------+---------+-------
        D:1 |      35 |       0 |   0.0 |      22 |       0 |   0.0
        D:2 |      58 |       0 |   0.0 |      19 |       0 |   0.0
        D:3 |     262 |     248 |  48.6 |      29 |      21 |  42.0
        D:4 |     255 |     218 |  46.1 |      15 |       2 |  11.8
        D:5 |     747 |       0 |   0.0 |      21 |       0 |   0.0
        D:6 |     876 |     447 |  33.8 |      34 |       5 |  12.8
        D:7 |    1348 |     877 |  39.4 |      30 |       1 |   3.2
        D:8 |    1218 |       1 |   0.1 |      16 |       1 |   5.9
        D:9 |    5543 |    2473 |  30.9 |      29 |      24 |  45.3
       D:10 |     658 |     184 |  21.9 |       8 |       1 |  11.1
       D:11 |    3090 |    2482 |  44.5 |      20 |      32 |  61.5
       D:12 |    6366 |    2562 |  28.7 |      27 |       3 |  10.0
       D:13 |    7497 |    2364 |  24.0 |      43 |       4 |   8.5
       D:14 |   11271 |    2960 |  20.8 |      39 |      11 |  22.0
       D:15 |    3222 |    1055 |  24.7 |       7 |       1 |  12.5
     Lair:1 |    7065 |       0 |   0.0 |      28 |       0 |   0.0
     Lair:2 |    3526 |    4202 |  54.4 |      22 |      36 |  62.1
     Lair:3 |    3494 |    2631 |  43.0 |      16 |       6 |  27.3
     Lair:4 |    5549 |       0 |   0.0 |      22 |       0 |   0.0
     Lair:5 |    7175 |    2077 |  22.4 |      28 |       4 |  12.5
     Lair:6 |    8442 |   10595 |  55.7 |      29 |      35 |  54.7
      Orc:1 |    2478 |    5793 |  70.0 |      37 |      18 |  32.7
      Orc:2 |    1544 |    9465 |  86.0 |      11 |      16 |  59.3
     Bailey |       0 |    1111 | 100.0 |       0 |      30 | 100.0
            +---------+---------+-------+---------+---------+-------
